 Dungeon Crawl Stone Soup version 0.25-a0-665-ga69d64035b (webtiles) character file.

Game seed: 5867491600970380221, levelgen mode: deterministic

7 kae the Firebug (level 2, 0/15 HPs)
             Began as a Tengu Fire Elementalist on Mar 26, 2020.
             Slain by a goblin
             ... wielding a +4 dagger of venom
              (5 damage)
             ... on level 1 of the Dungeon.
             The game lasted 00:00:21 (523 turns).

kae the Firebug (Tengu Fire Elementalist)            Turns: 523, Time: 00:00:22

Health: 0/15       AC:  2    Str:  8    XL:     2   Next: 0%
Magic:  1/6        EV: 12    Int: 15    God:
Gold:   40         SH:  0    Dex: 14    Spells: 4/5 levels left

rFire    . . .     SeeInvis .   d - +2 whip (elec)
rCold    . . .     Gourm    .   (no shield)
rNeg     . . .     Faith    .   a - +0 robe
rPois    .         Spirit   .   (helmet restricted)
rElec    .         Reflect  .   (no cloak)
rCorr    .         Harm     .   (no gloves)
MR       .....                  (boots unavailable)
Stlth    ++........             (no amulet)
HPRegen  0.05/turn              (no ring)
MPRegen  0.10/turn              (no ring)

@: lethally poisoned (0 -> -7), very slightly contaminated
A: beak, talons 3
a: no special abilities


You were on level 1 of the Dungeon.
You were not hungry.

You visited 1 branch of the dungeon, and saw 1 of its levels.

You collected 40 gold pieces.

Inventory:

Hand Weapons
 d - a +2 whip of electrocution (weapon)
Armour
 a - a +0 robe (worn)
Scrolls
 b - a scroll of amnesia {unknown}
 f - a scroll of identify {unknown}
Potions
 e - a potion of invisibility {unknown}
Comestibles
 c - 2 rations


   Skills:
 - Level 2.1 Dodging
 - Level 2.0 Stealth
 + Level 2.1 Spellcasting
 * Level 2.1 Conjurations
 + Level 3.4 Fire Magic


You had 4 spell levels left.
You knew the following spells:

 Your Spells              Type           Power        Failure   Level  Hunger
a - Foxfire               Conj/Fire      #...         7%          1    #......

Your spell library contained the following spells:

 Spells                   Type           Power        Failure   Level  Hunger
 Conjure Flame            Conj/Fire      #.......     22%         3    ###....
 Inner Flame              Hex/Fire       #.......     32%         3    ###....
 Sticky Flame             Conj/Fire      #.......     56%         4    #####..
 Fireball                 Conj/Fire      #.........   89%         5    ######.


Dungeon Overview and Level Annotations

Branches:
Dungeon (1/15)

Altars:


Innate Abilities, Weirdness & Mutations

You have a beak for a mouth.
You have claws for feet.


Message History

You conjure some foxfire!
You feel sick. The giant cockroach closely misses you.
The goblin closely misses you. The goblin barely misses you.
The foxfire hits the giant cockroach.
The giant cockroach is heavily wounded.
The foxfire hits the goblin.
The goblin is severely wounded.
The giant cockroach barely misses you. The goblin barely misses you.
The giant cockroach barely misses you. The goblin completely misses you.
You closely miss the goblin.
The goblin is severely wounded.
The goblin hits you with a +4 dagger of venom.
The giant cockroach closely misses you.
The goblin hits you with a cursed -2 club.
You are too injured to fight recklessly!
You feel sick.
You see here a bat corpse.
You closely miss the goblin.
You feel sick.
The goblin hits you with a +4 dagger of venom.
You die...

#.........†... ####.....
###.#.##.....#. .........
.# #.#.##.##.### ........#
.# #.#.##.>..... .........
#.###.#......#.##
........##....#.######.#.##
.................. ....##
......).#g##...# ##.####
........g.@....#######.####
........##s....'...........
#'###..........########.###
...######...# #.# # .....
#...# #.# # ...... #...####
#.# # ..... ##.....# #.# #
..... #####.#####.# #
#.#.....#


You could see a giant cockroach and 2 goblins.

Vanquished Creatures
  2 bats (D:1)
  3 kobolds (D:1)
  A rat (D:1)
6 creatures vanquished.

Vanquished Creatures (others)
  13 foxfires (D:1)
13 creatures vanquished.

Grand Total: 19 creatures vanquished

Notes
Turn   | Place    | Note
-------+----------+-------------------------------------------
     0 | D:1      | kae the Tengu Fire Elementalist began the quest for the
                  | Orb.
     0 | D:1      | Reached XP level 1. HP: 10/10 MP: 4/4
   513 | D:1      | Reached XP level 2. HP: 15/15 MP: 3/6
   523 | D:1      | Slain by a goblin

Levels and vault maps discovered:
D:1:      minmay_arrival_hallway, layout_basic, hangedman_feature_mirror

Skill      XL: |  1 |
---------------+----+-----
Conjurations   | 2 |  2.1
Dodging        | |  2.1
Stealth        | |  2.0
Spellcasting   | |  2.1
Fire Magic     | |  3.4

Action                   || total
-------------------------++-------
Melee: Whip              ||    11
       Peck              ||     2
       Kick              ||     1
 Cast: Foxfire           ||     8
Armor: Robe              ||     9
Dodge: Dodged            ||    30

Table legend:
 A = Non-vault XP
 B = Vault XP
 C = Vault XP percentage of total XP
 D = Non-vault monster count
 E = Vault monster count
 F = Vault count percentage of total count
                 A         B        C        D         E       F
            +---------+---------+-------+---------+---------+-------
      Total |      10 |       0 |   0.0 |       6 |       0 |   0.0
            +---------+---------+-------+---------+---------+-------
        D:1 |      10 |       0 |   0.0 |       6 |       0 |   0.0
            +---------+---------+-------+---------+---------+-------
